 Dungeon Crawl Stone Soup version 0.23-a0-49-gd9f7a49 (webtiles) character file.

70 topirishpotato the Insei (level 4, 0/31 HPs)
             Began as an Octopode Monk on Aug 7, 2018.
             Slain by an ooze (2 damage)
             ... on level 1 of the Dungeon.
             The game lasted 00:02:41 (1110 turns).

topirishpotato the Insei (Octopode Monk)            Turns: 1110, Time: 00:02:42

Health: 0/31       AC:  1    Str: 10    XL:     4   Next: 21%
Magic:  4/4        EV: 20    Int: 12    God:
Gold:   32         SH:  0    Dex: 20    Spells: 3/3 levels left

rFire    . . .     SeeInvis .     - Unarmed
rCold    . . .     Gourm    .   (no shield)
rNeg     . . .     Faith    .   (helmet restricted)
rPois    +         Spirit   .   (no amulet)
rElec    .         Reflect  .   g - ring of poison resistance
rCorr    .         Harm     .   (no ring)
MR       .....                  (no ring)
Stlth    +++++.....             (no ring)
HPRegen  0.10/turn              (no ring)
MPRegen  0.09/turn              (no ring)
                                (no ring)
                                (no ring)

@: agile
A: almost no armour, stealthy swim, amphibious, 8 rings, constrict 8, camouflage
1, gelatinous body 1
a: no special abilities


You were on level 1 of the Dungeon.
You were hungry.

You visited 1 branch of the dungeon, and saw 2 of its levels.

You collected 32 gold pieces.

Inventory:

Jewellery
 g - a ring of poison resistance (left tentacle)
Scrolls
 c - a scroll of fog {unknown}
 e - a scroll of enchant weapon {unknown}
 h - a scroll of identify {unknown}
Potions
 b - a potion of might {unknown}
 d - a potion of agility
 f - a potion of invisibility {unknown}
 i - a potion of heal wounds {unknown}
Comestibles
 a - a ration


   Skills:
 - Level 3.0 Fighting
 + Level 3.6 Dodging
 + Level 3.9 Stealth
 + Level 3.9 Unarmed Combat


You had 3 spell levels left.
You didn't know any spells.
Your spell library was empty.

Dungeon Overview and Level Annotations

Branches:
Dungeon (2/15)

Altars:


Innate Abilities, Weirdness & Mutations

You cannot wear most types of armour.
You are very stealthy in the water. (Stealth+)
You are amphibious.
You can wear up to eight rings at the same time.
You can use your tentacles to constrict eight enemies at once.
Your skin changes colour to match your surroundings (Stealth+).
Your rubbery body absorbs attacks. (AC +1, EV +1)


Message History

You barely miss the ooze.
The ooze is moderately wounded.
You constrict the kobold, but do no damage.
The kobold hits you with a club.
* * * LOW HITPOINT WARNING * * *
The ooze hits you.
* * * LOW HITPOINT WARNING * * *
You release your grip on the kobold.
The kobold hits you with a club.
* * * LOW HITPOINT WARNING * * *
The ooze closely misses you.
You climb upwards.
There is a stone staircase leading down here.
You tentacle-slap the kobold.
You kill the kobold!
The ooze hits you.
* * * LOW HITPOINT WARNING * * *
It was a potion of agility.
You feel agile all of a sudden. The ooze hits you.
You die...

...[.....#.#####.##..........##..
##.............#.##†.........##..
#.............#.##..........##..
#.............#.##..........####
#.............#.##..........#
#.............#.##..........#
######........#.##..........#
#........#)##############
#..^.....#@.............##
#(.......J...............#
#........................##
#.......#.................#
#......)#...............#..
#.......#...............#..
#.......#############...#..
#.......# #...##. #.......#
#...##.


You could see an ooze.

Vanquished Creatures
  3 adders (D:2)
  A worm (D:2)
  2 dart slugs (D:1)
  A leopard gecko (D:1)
  5 bats
  3 giant cockroaches (D:1)
  4 goblins (D:1)
  5 hobgoblins
  2 kobolds (D:1)
  2 ball pythons
  4 frilled lizards
  2 rats (D:1)
34 creatures vanquished.

Notes
Turn   | Place    | Note
-------+----------+-------------------------------------------
     0 | D:1      | topirishpotato the Octopode Monk began the quest for the Orb.
     0 | D:1      | Reached XP level 1. HP: 16/16 MP: 1/1
   301 | D:1      | Reached XP level 2. HP: 11/21 MP: 2/2
   752 | D:1      | Reached XP level 3. HP: 22/26 MP: 3/3
  1098 | D:2      | Reached XP level 4. HP: 20/31 MP: 4/4
  1110 | D:1      | Slain by an ooze

Vault maps used:
D:1:      dpeg_arrival_another_circle
D:2:      cheibrodos_greedy_goblins, fiery_altar_vehumet, zin_purify

Skill      XL: |  1  2 |
---------------+-------+-----
Stealth        | 3 |  3.9
Fighting       | |  3.0
Dodging        | |  3.6
Unarmed Combat | |  3.9

Action                   |  1- 3 |  4- 6 || total
-------------------------+-------+-------++-------
Melee: Unarmed           |    65 |     9 ||    74
       Constrict         |    24 |     3 ||    27
       Tentacles         |    18 |     1 ||    19
  Use: Potion            |       |     1 ||     1
 Stab: Sleeping          |     7 |       ||     7
       Distracted        |     1 |       ||     1
Armor: Skin              |    10 |     1 ||    11
Dodge: Dodged            |    47 |     5 ||    52

Table legend:
 A = Spawn XP
 B = Non-spawn XP
 C = Spawn XP percentage of total XP
 D = Spawn monster count
 E = Non-spawn monster count
 F = Spawn count percentage of total count
 G = Total turns spent on level
                    A         B        C        D         E        F      G
               +---------+---------+-------+---------+---------+-------+---------
         Total |       0 |     100 |   0.0 |       0 |      34 |   0.0 |  1110
               +---------+---------+-------+---------+---------+-------+---------
           D:1 |       0 |      48 |   0.0 |       0 |      25 |   0.0 |  1036
           D:2 |       0 |      52 |   0.0 |       0 |       9 |   0.0 |    74
               +---------+---------+-------+---------+---------+-------+---------
